 Dungeon Crawl Stone Soup version 0.28-a0-230-g086cc6695f (webtiles) character file.

Game seed: 18118116695396507750

59 nightshift the Poker (level 3, -3/27 HPs)
             Began as a Demonspawn Gladiator on Aug 22, 2021.
             Killed from afar by Sigmund (6 damage)
             ... with a magic dart
             ... on level 2 of the Dungeon.
             The game lasted 00:01:44 (1103 turns).

nightshift the Poker (Demonspawn Gladiator)         Turns: 1103, Time: 00:01:44

Health: -3/27      AC:  4    Str: 15    XL:     3   Next: 78%
Magic:  3/3        EV: 12    Int:  9    God:
Gold:   67         SH:  0    Dex: 14    Spells: 2/2 levels left

rFire   . . .      SeeInvis .   a - +0 trident {polearm}
rCold   . . .      Faith    .   (no shield)
rNeg    . . .      Spirit   .   b - +0 leather armour
rPois   .          Reflect  .   c - +0 helmet
rElec   .          Harm     .   (no cloak)
rCorr   .          Rampage  .   (no gloves)
Will    .....                   (no boots)
Stlth   +.........              (no amulet)
HPRegen 0.09/turn               (no ring)
MPRegen 0.08/turn               (no ring)

@: confused
A: talons 2
a: no special abilities


You were on level 2 of the Dungeon.
You visited 1 branch of the dungeon, and saw 2 of its levels.

You collected 67 gold pieces.


Innate Abilities, Weirdness & Mutations

You have razor-sharp toenails.


   Skills:
 - Level 2.0 Fighting
 + Level 4.3 Polearms
 - Level 1.7 Throwing
 - Level 2.6 Dodging


You had 2 spell levels left.
You didn't know any spells.
Your spell library was empty.

Inventory:

Hand Weapons
 a - a +0 trident (weapon) {polearm}
Missiles
 d - 3 throwing nets (quivered) {=f!fthrowing}
 e - 10 arrows
 g - 87 stones {throwing}
 i - 8 bolts
Armour
 b - a +0 leather armour (worn)
 c - a +0 helmet (worn)
Scrolls
 h - a scroll of fog {unknown}
Potions
 f - a potion of haste {unknown}

Dungeon Overview and Level Annotations

Branches:
Dungeon (2/15)

Altars:

Annotations:
D:2 Sigmund

##########
###@....<..#
##...@..###.#
#.#####.# #.#
######.# #.#
#.# #......#
#.# #.#
#.####.# #.#
#.# #.# #.#
#.# #.# #.#
#.# #.# #.#
#.####.# #.#
#.#


You could see Sigmund.


Message History

Sigmund casts a spell at you. The magic dart hits you! 😮 HP[-8]
You take 8 damage, and now have 14/27 hp.
MASSIVE DAMAGE!! (PAUSE)
You start resting.
Natasha, Servant of Life and Death comes into view.
Natasha hisses angrily.
Natasha howls an incantation.
You feel troubled.
Natasha casts a spell. 😮 HP[+1] Natasha casts a spell at you.
The magic dart hits you.
* * * LOW HITPOINT WARNING * * *
Sigmund gestures wildly while chanting.
Sigmund flickers and vanishes!
Deactivating autopickup; reactivate with Ctrl-A. 😨 HP[-2]
You take 2 damage, and now have 13/27 hp.
There is a stone staircase leading up here.
Natasha closely misses you.
You climb upwards.
The crimson imp disappears in a puff of smoke!
Reactivating autopickup.
There is a stone staircase leading down here.
You closely miss Natasha. You claw Natasha.
Natasha stares at you and mumbles some strange words.
You resist with significant effort.
You puncture Natasha! Your kick misses Natasha. Natasha closely misses you.
You closely miss Natasha. You claw Natasha, but do no damage.
Natasha claws you.
* * * LOW HITPOINT WARNING * * *
😨 HP[-2]
You take 2 damage, and now have 11/27 hp.
You closely miss Natasha. Natasha barely misses you.
You hit Natasha but do no damage. Natasha claws you but does no damage.
Natasha mumbles some strange words.
You barely miss Natasha. You claw Natasha. Natasha barely misses you.
The white imp gestures at you. The puff of frost hits you!
* * * LOW HITPOINT WARNING * * *
😱 HP[-9]
You take 9 damage, and now have 2/27 hp.
MASSIVE DAMAGE!! (PAUSE)
You puncture Natasha!
You kill Natasha!
Natasha yowls pathetically as she dies!
The white imp disappears in a puff of smoke!
Your Polearms skill increases to level 4!
You start resting. 😎 HP[+25]
Your hp is fully restored (27).
Done exploring.
(D) Dungeon
Where to? (Enter - D:2, ? - help)
You climb downwards.
Level annotation: Sigmund
There is a stone staircase leading up here.
Sigmund closely misses you.
You reach to attack!
You hit Sigmund but do no damage. Sigmund misses you.
You reach to attack!
You hit Sigmund but do no damage.
You reach to attack!
You hit Sigmund but do no damage.
Sigmund zaps a wand.
The puff of flame hits you. 😕 HP[-6]
You take 6 damage, and now have 21/27 hp.
MASSIVE DAMAGE!! (PAUSE) Unknown command.
You reach to attack!
You hit Sigmund.
Sigmund points at you and mumbles some strange words.
You are confused.
Sigmund hits you from afar with a +0 scythe. 😮 HP[-3]
You take 3 damage, and now have 18/27 hp.
You are too injured to fight recklessly!
You are too injured to fight recklessly!
You're too confused to aim your attacks!
You're too confused to aim your attacks! 😮 HP[+1]
You bump into the rock wall.
Sigmund hits you from afar with a +0 scythe!
* * * LOW HITPOINT WARNING * * *
😨 HP[-11]
You take 11 damage, and now have 8/27 hp.
MASSIVE DAMAGE!! (PAUSE) Sigmund closely misses you.
You feel less confused. Sigmund gestures at you while chanting.
You are confused.
You bump into the rock wall.
You bump into the rock wall.
Sigmund casts a spell at you. The magic dart hits you.
* * * LOW HITPOINT WARNING * * *
😱 HP[-5]
You take 5 damage, and now have 3/27 hp.
Sigmund points at you and mumbles some strange words.
The magic dart hits you.
You die...

Skill      XL: |  1  2  3 |
---------------+----------+-----
Polearms       | 3 4 |  4.3
Fighting       | |  2.0
Throwing       | |  1.7
Dodging        | |  2.6

Action                   || total
-------------------------++-------
Melee: Trident           ||    41
       Kick              ||     4
Armor: Leather armour    ||     2
Dodge: Dodged            ||    21

Levels and vault maps discovered:
D:1:      giann_wishing_wells, layout_rooms
D:2:      layout_loops_ring, serial_shops, nicolae_shop_waterfront,
          chequers_serial_rivers_micro_a, grunt_decor_clamped, uniq_sigmund,
          uniq_jessica, uniq_natasha

Notes
Turn   | Place    | Note
-------+----------+-------------------------------------------
     0 | D:1      | nightshift the Demonspawn Gladiator began the quest for the
                  | Orb.
     0 | D:1      | Reached XP level 1. HP: 16/16 MP: 1/1
     0 | D:1      | magus.rc [v1.9.6]
   177 | D:1      | Reached skill level 3 in Polearms
   501 | D:1      | Gained mutation: You have sharp toenails. [demonic
                  | ancestry]
   501 | D:1      | Reached XP level 2. HP: 22/22 MP: 2/2
   626 | D:2      | Noticed Natasha
   631 | D:2      | Killed Natasha
   632 | D:2      | Gained mutation: You have razor-sharp toenails. [demonic
                  | ancestry]
   632 | D:2      | Reached XP level 3. HP: 14/27 MP: 3/3
   778 | D:2      | Noticed Sigmund
   791 | D:2      | Noticed Natasha
   811 | D:1      | HP: 2/27 [white imp/puff of frost[Natasha] (9)]
   812 | D:1      | Killed Natasha
   813 | D:1      | Reached skill level 4 in Polearms
  1101 | D:2      | HP: 3/27 [Sigmund/magic dart (5)]
  1103 | D:2      | Killed from afar by Sigmund

Vanquished Creatures
  Natasha (twice) (D:2 D:1)
  An endoplasm (D:1)
  2 goblins
  A hobgoblin (D:1)
  3 ball pythons (D:1)
  2 frilled lizards (D:1)
  2 rats (D:2)
13 creatures vanquished.

Table legend:
 A = Non-vault XP
 B = Vault XP
 C = Vault XP percentage of total XP
 D = Non-vault monster count
 E = Vault monster count
 F = Vault count percentage of total count
                 A         B        C        D         E       F
            +---------+---------+-------+---------+---------+-------
      Total |      50 |      35 |  41.2 |      12 |       1 |   7.7
            +---------+---------+-------+---------+---------+-------
        D:1 |      47 |       0 |   0.0 |       9 |       0 |   0.0
        D:2 |       3 |      35 |  92.1 |       3 |       1 |  25.0
            +---------+---------+-------+---------+---------+-------

Illustrated notes

Table legend:
 A = Kills in this place as a percentage of kills in entire the game.
 B = Kills by you in this place as a percentage of kills by you in the entire game.
 C = Kills by friends in this place as a percentage of kills by friends in the entire game.
 D = Other kills in this place as a percentage of other kills in the entire game.
 E = Experience gained in this place as a percentage of experience gained in the entire game.
 F = Experience gained in this place divided by the number of levels of this place that you have seen.
                   A       B       C       D       E      F
               +-------+-------+-------+-------+-------+----------------------
         Total | 100.0 | 100.0 |   N/A |   N/A | 100.0 |  42.5
       Dungeon | 100.0 | 100.0 |   N/A |   N/A | 100.0 |  42.5
               +-------+-------+-------+-------+-------+----------------------

Table legend: (Time is in decaauts)
 A = Elapsed time spent in this place.
 B = Non-inter-level travel time spent in this place.
 C = Inter-level travel time spent in this place.
 D = Time resting spent in this place.
 E = Time spent auto-exploring this place.
 F = Levels seen in this place.
 G = Mean time per level.
                   A        B        C        D        E       F      G
               +--------+--------+--------+--------+--------+-----+--------+
         Total |   1109 |   1104 |      5 |    420 |    560 |   2 |  554.5 |
       Dungeon |   1109 |   1104 |      5 |    420 |    560 |   2 |  554.5 |
               +--------+--------+--------+--------+--------+-----+--------+

Top non-repeatable levels by time:
     D:1: 842 daAuts
     D:2: 266 daAuts
